 Dungeon Sprint DCSS version 0.17-a0-1435-geafbe2f (webtiles) character file.

2223 emikaela the Covert (level 9, -12/63 HPs)
             Began as a Kobold Assassin on June 26, 2015.
             Was an Initiate of Nemelex Xobeh.
             Mangled by a centaur warrior (15 damage)
             ... in the Dungeon (Sprint I: "Red Sonja").
             The game lasted 00:09:25 (1099 turns).

emikaela the Covert (Kobold Assassin)               Turns: 1099, Time: 00:09:25

Health: -12/63     AC:  8    Str: 10    XL:     9   Next: 62%
Magic:  11/11      EV: 25    Int:  9    God:    Nemelex Xobeh [......]
Gold:   593        SH:  0    Dex: 20    Spells: 0 memorised, 8 levels left

rFire  . . .     SeeInvis .     a - +2 dagger (protect)
rCold  . . .     Clarity  .     c - +0 robe
rNeg   . . .     SustAt   .     (shield restricted)
rPois  .         Gourm    .     (no helmet)
rElec  .         Spirit   .     d - +0 cloak
rCorr  .         Warding  .     (no gloves)
rMut   .         NoTele   +     (no boots)
MR     .....                    (no amulet)
Stlth  +++++++...               (no ring)
                                (no ring)

@: not resistant to hostile enchantments, extremely stealthy
A: carnivore 3
a: Renounce Religion


You were in the Dungeon.
You worshipped Nemelex Xobeh.
Nemelex Xobeh was noncommittal.
You were very full.

You visited 1 branch You collected 631 gold pieces.
You spent 38 gold pieces at shops.

Inventory:

Hand weapons
 a - a +2 dagger of protection (weapon)
 b - a +0 blowgun
 o - a +2 dagger
 s - a +0 dagger of venom
Missiles
 e - 6 poisoned needles
 f - 11 curare-tipped needles
 t - 26 arrows
 u - 31 stones (quivered)
Armour
 c - a +0 robe (worn)
 d - a +0 cloak (worn)
Magical devices
 l - a wand of polymorph (5)
 r - a wand of polymorph (13)
Scrolls
 p - a scroll of fog {unknown}
 q - a scroll of immolation
Potions
 h - 2 potions of curing
 i - a potion of heal wounds
 j - a potion of haste
 k - 2 potions of magic
 m - a potion of resistance {unknown}
Comestibles
 g - a meat ration


   Skills:
 + Level 10.4 Fighting
 - Level 10.1 Short Blades
 + Level 13.2 Throwing
 + Level 11.0 Dodging
 * Level 13.9 Stealth
 * Level 3.9 Evocations


You had 8 spell levels left.
You didn't know any spells.

Dungeon Overview and Level Annotations

Branches:
Dungeon (1/1)

Altars:
Cheibriados
Dithmenos
Elyvilon
Fedhas
Gozag
Kikubaaqudgha
Makhleb
Nemelex Xobeh
Okawaru
Qazlal
Ru
Sif Muna
Trog
Vehumet
Xom
Yredelemnul
Zin
The Shining One
Jiyva

Shops:
D (*

Annotations:
D exclusion: 2 doors


Innate Abilities, Weirdness & Mutations

You are small and have problems with some larger weapons.
You are carnivorous and can eat meat at any time.


Message History

* * * LOW HITPOINT WARNING * * *
Evoke which item? (* to show all) (? for menu, Esc to quit)
You draw a card...
It is the Cloud.
The deck of cards disappears without a trace.
Clouds appear around you!
The centaur warrior completely misses you.
The centaur warrior closely misses you.
That item cannot be evoked!
Evoke which item? (* to show all) (? for menu, Esc to quit)
Zapping:
r - a wand of polymorph (will waste charges)
Press: ? - help, Shift-Dir - straight line, f - centaur warrior, p - centaur warrior
Aim: a centaur warrior, wielding a shortbow (chance to defeat MR: 36%)
The centaur warrior easily resists.
Evoking this partially-identified wand wasted a few charges.
The centaur warrior unwields an uncursed shortbow.
The centaur warrior hits you.
* * * LOW HITPOINT WARNING * * *
The centaur warrior hits you!
You die...
Your body disappears without a glow.

)#####'#####'#__####).s's.#
.####..#...#.####§§#####..+
.#__####..##.#≈≈§§c# #+##
.#_..__##'#..+§§§§§+
⌠#_.∩...'..._#§(§c§#
##_..._##_.#'##§####
#_____###'#)#§.§.#
##########.####c###
........'...'.§c@.+
#++++####.).####### ##.##
#+#


You could see 2 centaur warriors.

Vanquished Creatures
  Sonja (D)
  A deep troll (D)
  2 kobold demonologists (D)
  A slime creature (D)
  Sigmund (D)
  A yak (D)
  An ogre (D)
  A jelly (D)
  Ijyb (D)
  A giant eyeball (D)
11 creatures vanquished.

Notes
Turn   | Place    | Note
--------------------------------------------------------------
     0 | D        | emikaela the Kobold Assassin began the quest for the Orb.
     0 | D        | Reached XP level 1. HP: 12/12 MP: 1/1
     1 | D        | Noticed Ijyb
    13 | D        | Killed Ijyb
    13 | D        | Reached skill level 6 in Stealth
    13 | D        | Reached XP level 2. HP: 9/19 MP: 2/2
    13 | D        | Reached XP level 3. HP: 10/23 MP: 3/3
   199 | D        | Noticed an ogre
   202 | D        | Killed an ogre
   202 | D        | Reached skill level 7 in Stealth
   202 | D        | Reached XP level 4. HP: 28/30 MP: 4/4
   202 | D        | Reached XP level 5. HP: 31/34 MP: 5/5
   230 | D        | Noticed Sigmund
   260 | D        | Killed Sigmund
   260 | D        | Reached skill level 5 in Fighting
   260 | D        | Reached skill level 9 in Short Blades
   260 | D        | Reached skill level 5 in Dodging
   260 | D        | Reached XP level 6. HP: 32/40 MP: 6/6
   400 | D        | Found a deep blue altar of Sif Muna.
   401 | D        | Noticed a jelly
   402 | D        | Found a radiant altar of Vehumet.
   406 | D        | Killed a jelly
   432 | D        | Found Toihoney's Assorted Antiques.
   432 | D        | Found a white marble altar of Elyvilon.
   432 | D        | Found a stormy altar of Qazlal.
   432 | D        | Found a basalt altar of Yredelemnul.
   432 | D        | Found an iron altar of Okawaru.
   432 | D        | Found a sparkling altar of Nemelex Xobeh.
   432 | D        | Found a shimmering altar of Xom.
   432 | D        | Found an ancient bone altar of Kikubaaqudgha.
   432 | D        | Noticed a yak
   445 | D        | Found a burning altar of Makhleb.
   445 | D        | Found a sacrificial altar of Ru.
   445 | D        | Found an opulent altar of Gozag.
   460 | D        | Killed a yak
   460 | D        | Reached skill level 10 in Short Blades
   460 | D        | Reached skill level 10 in Throwing
   460 | D        | Reached XP level 7. HP: 27/47 MP: 7/7
   470 | D        | Found a glowing golden altar of the Shining One.
   470 | D        | Found a glowing silver altar of Zin.
   473 | D        | Found a bloodstained altar of Trog.
   478 | D        | Became a worshipper of Nemelex Xobeh the Trickster
   595 | D        | Bought a scroll labeled AGYKAX BO AZAEBITS for 19 gold pieces
   595 | D        | Bought a scroll labeled AGYKAX BO AZAEBITS for 19 gold pieces
   601 | D        | Noticed Sonja
   605 | D        | Killed Sonja
   605 | D        | Reached skill level 11 in Throwing
   605 | D        | Reached XP level 8. HP: 51/55 MP: 8/8
   625 | D        | Found Kolugeurch's Weapon Boutique.
   657 | D        | Found a viscous altar of Jiyva.
   657 | D        | Found a blossoming altar of Fedhas.
   657 | D        | Noticed a slime creature
   658 | D        | Found a snail-covered altar of Cheibriados.
   658 | D        | Found a shadowy altar of Dithmenos.
   693 | D        | Killed a slime creature
   693 | D        | Reached skill level 12 in Throwing
   771 | D        | Noticed a kobold demonologist
   772 | D        | Received a gift from Nemelex Xobeh
   772 | D        | Noticed a kobold demonologist
   776 | D        | Killed a kobold demonologist
   776 | D        | Reached skill level 10 in Dodging
   776 | D        | Reached XP level 9. HP: 60/62 MP: 9/9
   777 | D        | Killed a kobold demonologist
   777 | D        | Reached skill level 10 in Fighting
   777 | D        | Reached skill level 13 in Stealth
   788 | D        | Noticed a demonic crawler
   788 | D        | Noticed a demonic crawler
   788 | D        | Noticed a demonic crawler
   788 | D        | Noticed a demonic crawler
  1039 | D        | Noticed a centaur warrior
  1047 | D        | Noticed a deep troll
  1051 | D        | Killed a deep troll
  1074 | D        | Noticed a centaur warrior
  1099 | D        | HP: 3/63 [centaur warrior (3)]
  1099 | D        | Mangled by a centaur warrior

Vault maps used:
D:        dungeon_sprint_1

Action                   |  1- 3 |  4- 6 |  7- 9 || total
-------------------------+-------+-------+-------++-------
Melee: Dagger            |     4 |     8 |    65 ||    77
       Unarmed           |       |     8 |       ||     8
 Fire: Blowgun           |     3 |    10 |     2 ||    15
Evoke: Deck              |       |       |     5 ||     5
       Wand              |       |       |     1 ||     1
  Use: Potion            |       |     1 |       ||     1
       Scroll            |       |       |     2 ||     2
 Stab: Sleeping          |     2 |     1 |     5 ||     8
  Eat: Chunk             |     3 |     4 |     1 ||     8
